 Dungeon Crawl Stone Soup version 0.19.4-9-g45fd643 (webtiles) character file.

16 Buane the Firebug (level 2, -1/19 HPs)
             Began as a Demonspawn Fire Elementalist on Feb 15, 2017.
             Slain by a goblin (3 damage)
             ... on level 2 of the Dungeon.
             The game lasted 00:05:08 (843 turns).

Buane the Firebug (Demonspawn Fire Elementalist)     Turns: 843, Time: 00:05:09

Health: -1/19      AC:  2    Str:  8    XL:     2   Next: 37%
Magic:  4/5        EV: 12    Int: 16    God:    Xom [..*...]
Gold:   49         SH:  0    Dex: 13    Spells: 2 memorised, 2 levels left

rFire  . . .     SeeInvis .     j - +0 dagger
rCold  . . .     Gourm    .     a - +0 robe
rNeg   . . .     Faith    .     (no shield)
rPois  .         Spirit   .     (no helmet)
rElec  .         Reflect  .     (no cloak)
rCorr  .         Harm     .     (no gloves)
MR     .....                    (no boots)
Stlth  ++........               (no amulet)
                                (no ring)
                                (no ring)

@: very slightly contaminated
A: claws 1
a: Renounce Religion


You were on level 2 of the Dungeon.
You worshipped Xom.
You were a toy of Xom.
You were not hungry.

You visited 1 branch of the dungeon, and saw 2 of its levels.

You collected 49 gold pieces.

Inventory:

Hand Weapons
 j - a +0 dagger (weapon)
Armour
 a - a +0 robe (worn)
Scrolls
 d - a scroll of identify
 e - a scroll of recharging {unknown}
 f - 2 scrolls of teleportation {unknown}
 h - a scroll of enchant armour {unknown}
 i - a scroll of enchant weapon {unknown}
Books
 b - a book of Flames

   Spells                             Type                      Level
   a - Flame Tongue                   Conjuration/Fire             1
   b - Throw Flame                    Conjuration/Fire             2
   c - Conjure Flame                  Conjuration/Fire             3
   d - Inner Flame                    Hexes/Fire                   3
   e - Sticky Flame                   Conjuration/Fire             4
   f - Fireball                       Conjuration/Fire             5
Comestibles
 c - a bread ration
 g - a meat ration


   Skills:
 + Level 1.9 Dodging
 + Level 1.7 Stealth
 + Level 2.1 Spellcasting
 + Level 1.0 Conjurations
 + Level 3.2 Fire Magic


You had 2 spell levels left.
You knew the following spells:

 Your Spells              Type           Power        Failure   Level  Hunger
a - Flame Tongue          Conj/Fire      #....        10%         1    #......
b - Throw Flame           Conj/Fire      #.....       14%         2    ###....


Dungeon Overview and Level Annotations

Branches:
Dungeon (2/15)

Altars:
Xom
Zin


Innate Abilities, Weirdness & Mutations

You have sharp fingernails.


Message History

The goblin wields an uncursed dagger.
The goblin closely misses you. The goblin hits you.
The goblin hits you but does no damage.
You hit the goblin.
The goblin is severely wounded.
The hobgoblin closely misses you. The goblin barely misses you.
The goblin misses you. The goblin completely misses you.
The goblin closely misses you. x2
You closely miss the hobgoblin.
The hobgoblin hits you but does no damage.
The goblin barely misses you. x2; The goblin hits you.
The goblin hits you with an uncursed dagger.
You hit the hobgoblin but do no damage. The goblin closely misses you.
The hobgoblin closely misses you. The goblin hits you with a dagger. x2
* * * LOW HITPOINT WARNING * * *
The goblin closely misses you. The goblin misses you.
You closely miss the hobgoblin. The hobgoblin closely misses you.
The goblin hits you with a club.
* * * LOW HITPOINT WARNING * * *
The goblin misses you. The goblin closely misses you. The goblin hits you.
You die...

#.........#####
#8.....8#..##..........
#.......#..##.....#####
#8.....8#..####.#.#
#.......#..# #.#...
#8.....8#..####.#.###
#.......#.........#
..#8$..gg8#..........
......gg@g....####..#
#......gg.......... #
#..########.###..#. #
#.# .... #.. .... ####
... ...


You could see a hobgoblin and 6 goblins.

Vanquished Creatures
  2 hobgoblins
  5 jackals
  A kobold (D:1)
  3 goblins (D:1)
  2 rats (D:1)
13 creatures vanquished.

Notes
Turn   | Place    | Note
-------+----------+-------------------------------------------
     0 | D:1      | Buane the Demonspawn Fire Elementalist began the quest for the Orb.
     0 | D:1      | Reached XP level 1. HP: 13/13 MP: 3/3
   162 | D:1      | Reached skill level 3 in Fire Magic
   257 | D:1      | Gained mutation: You have sharp fingernails. [demonic ancestry]
   257 | D:1      | Reached XP level 2. HP: 9/19 MP: 0/5
   546 | D:2      | Found a shimmering altar of Xom.
   546 | D:2      | Noticed an angel
   771 | D:2      | Found a glowing silver altar of Zin.
   788 | D:2      | Became a worshipper of Xom of Malevolent Giggling
   833 | D:2      | Learned a level 2 spell: Throw Flame
   843 | D:2      | Slain by a goblin

Skill      XL: |  1 |
---------------+----+-----
Fire Magic     | 3 |  3.2
Dodging        | |  1.9
Stealth        | |  1.7
Spellcasting   | |  2.1
Conjurations   | |  1.0

Action                   || total
-------------------------++-------
Melee: Dagger            ||    21
       Unarmed           ||     6
 Cast: Flame Tongue      ||    22
  Use: Scroll            ||     3
Armor: Robe              ||     6
Dodge: Dodged            ||    37
